 Dungeon Crawl Stone Soup version 0.32-a0-30-gefbe487952 (webtiles) character file.

Game seed: 8769842385254748323

61 oldriver the Digger (level 3, -2/27 HPs)
             Began as a Demonspawn Earth Elementalist on Jan 20, 2024.
             Slain by a ball python (3 damage)
             ... on level 3 of the Dungeon.
             The game lasted 00:02:01 (1550 turns).

oldriver the Digger (Demonspawn Earth Elementalist) Turns: 1550, Time: 00:02:03

Health: -2/27      AC:  2    Str:  8    XL:     3   Next: 83%
Magic:  4/7        EV:  9    Int: 17    God:
Gold:   110        SH:  0    Dex: 13    Spells: 6/7 levels left

rFire   . . .        i - +3 dagger (protect)
rCold   . . .        (no shield)
rNeg    . . .        a - +0 robe
rPois   .            (helmet restricted)
rElec   .            (no cloak)
rCorr   .            (no gloves)
SInv    .            (no boots)
Will    .....        (no amulet)
Stlth   ++           (no ring)
HPRegen 0.24/turn    (no ring)
MPRegen 0.10/turn

%: no passive effects
@: weak-willed, slowed, constricted, very slow
A: horns 2
a: no special abilities


You were on level 3 of the Dungeon.
You visited 1 branch of the dungeon, and saw 3 of its levels.

You collected 110 gold pieces.

Inventory:

Hand Weapons
 i - a +3 dagger of protection (weapon)
Armour
 a - a +0 robe (worn)
Scrolls
 d - a scroll of teleportation
 e - a scroll of enchant weapon
 f - a scroll of identify
 g - 2 scrolls of vulnerability
 h - a scroll of enchant armour
Potions
 b - a potion of magic


   Skills:
 + Level 2.2 Fighting
 - Level 1.7 Dodging
 - Level 1.7 Stealth
 + Level 2.9 Spellcasting
 - Level 1.0 Conjurations
 - Level 3.0 Earth Magic


You had 6 spell levels left.
You knew the following spells:

 Your Spells              Type           Power      Damage    Failure   Level
a - Sandblast             Erth           24%        2d8       5%          1

Your spell library contained the following spells:

 Spells                   Type           Power      Damage    Failure   Level
 Passwall                 Erth           12%        N/A       16%         3
 Stone Arrow              Conj/Erth      18%        3d8       22%         3
 Brom's Barrelling Bould  Conj/Erth      9%         2d3       58%         4
 Petrify                  Alch/Erth      7%         N/A       67%         4


Dungeon Overview and Level Annotations

Branches:
Dungeon (3/15)

Altars:
Trog


Innate Abilities, Weirdness & Mutations

You have a pair of horns on your head.


Message History

The ball python barely misses you.
The quokka twitches its whiskers.
The quokka bites you. Natasha casts a spell at you.
You feel as though you will be slow longer.
The endoplasm barely misses you. The quokka bites you.
The ball python bites you. The ball python grabs you.
The ball python constricts you.
Natasha mumbles some strange words.
The quokka bites you. The endoplasm freezes you.
You are frozen.
* * * LOW HITPOINT WARNING * * *
The ball python bites you.
* * * LOW HITPOINT WARNING * * *
The ball python constricts you.
* * * LOW HITPOINT WARNING * * *
Okay, then.
Okay, then.
Casting: Sandblast (safe; 5% risk of failure)
Confirm with . or Enter, or press ? or * to list all spells.
Aiming: Sandblast (safe; 5% risk of failure)
Press: ? - help, Shift-Dir - straight line, f/p - Natasha
Aim: Natasha (heavily wounded, weak-willed, 77% to hit)
The blast of sand hits Natasha!
You kill Natasha!
Natasha growls in agony!
The cerulean imp disappears in a puff of smoke! x2
The quokka bites you but does no damage.
The ball python closely misses you. The ball python constricts you.
* * * LOW HITPOINT WARNING * * *
The endoplasm barely misses you. The quokka bites you.
* * * LOW HITPOINT WARNING * * *
The ball python bites you but does no damage.
The ball python constricts you. The endoplasm freezes you.
You are frozen.
* * * LOW HITPOINT WARNING * * *
The ball python bites you.
You die...

,,+,+,,*,* *,,,,,,,,,,******* *
+**,****,########......+,,,,,* *
,,,,,,,,,#########.....#****,* *
+**,****,#########..?..#**,,,****
,,*,*,,*,#########.....#,,,,,,,,*
,,+,+,,*,######..?.?...#,,,,,,,,,
***,**+*,######........#,,,,,,,,,
,,,,,,,,,######.rS.....#,,,,,,,,,
***,**+*,######.@J.....#,,,,,,,,,
⌠,*,*,,*,######........#,,,,,,,,,
,,+,+,,*,######..§§....#*********
***,****,######........#
,,,,,,,,,..###...##.####
*********#.##..#......g#
,,,,,,,,,#....##.......# *
********,..###!......$.# *
***,**,+**+,,,,,* *******


You could see an endoplasm (weak-willed), a quokka (weak-willed) and a ball
python (weak-willed).

Vanquished Creatures
  Natasha (D:3)
  2 adders (D:2)
  A dart slug (D:1)
  A ribbon worm (D:2)
  7 endoplasms
  2 giant cockroaches (D:1)
  6 goblins
  2 hobgoblins
  2 quokkas (D:1)
  A ball python (D:2)
  7 bats
  2 frilled lizards
  A kobold (D:2)
  3 rats (D:1)
38 creatures vanquished.

Notes
Turn   | Place    | Note
-------+----------+-------------------------------------------
     0 | D:1      | oldriver the Demonspawn Earth Elementalist began the quest
                  | for the Orb.
     0 | D:1      | Reached XP level 1. HP: 13/13 MP: 3/3
   108 | D:1      | Found a faded altar of an unknown god.
   242 | D:1      | Gained mutation: You have a pair of small horns on your
                  | head. [demonic ancestry]
   242 | D:1      | Reached XP level 2. HP: 20/20 MP: 3/5
   337 | D:1      | Reached skill level 1 in Fighting
   412 | D:1      | Reached skill level 3 in Earth Magic
   612 | D:1      | You fall into a shaft and drop 1 floor!
   695 | D:2      | Gained mutation: You have a pair of horns on your head.
                  | [demonic ancestry]
   695 | D:2      | Reached XP level 3. HP: 26/26 MP: 1/6
   809 | D:2      | Found a bloodstained altar of Trog.
  1545 | D:3      | Noticed Natasha
  1550 | D:3      | Killed Natasha
  1550 | D:3      | HP: 1/27 [frozen (2)]
  1550 | D:3      | Slain by a ball python

Illustrated notes

Levels and vault maps discovered:
D:1:      minmay_arrival_plants_in_alcoves, layout_basic,
          dreamdust_ecumenical_altar_grove
D:2:      minmay_wonky_spiral, layout_loops_ring, basic_altar
D:3:      minmay_door_path, layout_basic, nicolae_hepliaklqana_hippocampus,
          gup_sewer_entry_bowl, uniq_natasha

Skill      XL: |  1  2  3 |
---------------+----------+-----
Fighting       | 1 2 |  2.2
Earth Magic    | 3 |  3.0
Dodging        | |  1.7
Stealth        | |  1.7
Spellcasting   | |  2.9
Conjurations   | |  1.0

Action                     || total
---------------------------++-------
  Melee: Unarmed           ||     7
         Hand axe          ||     2
   Cast: Sandblast         ||    60
    Use: Scroll            ||     5
 Armour: Robe              ||    32
  Dodge: Dodged            ||    45

Table legend: (Time is in decaauts)
 A = Elapsed time spent in this place.
 B = Non-inter-level travel time spent in this place.
 C = Inter-level travel time spent in this place.
 D = Time resting spent in this place.
 E = Time spent auto-exploring this place.
 F = Levels seen in this place.
 G = Mean time per level.
                   A        B        C        D        E       F      G
               +--------+--------+--------+--------+--------+-----+--------+
         Total |   1580 |   1546 |     34 |      4 |   1295 |   3 |  526.7 |
       Dungeon |   1580 |   1546 |     34 |      4 |   1295 |   3 |  526.7 |
               +--------+--------+--------+--------+--------+-----+--------+

Top non-repeatable levels by time:
     D:2: 942 daAuts
     D:1: 627 daAuts
     D:3: 10 daAuts
